 Dungeon Crawl Stone Soup version 0.31.0-32-g396128a36d (webtiles) character file.

Game seed: 11735269864773860983

483 SpriggorClegane the Trooper (level 6, 0/51 HPs)
             Began as a Demonspawn Monk on Mar 19, 2024.
             Slain by Duvessa
             ... wielding a +0 rapier
              (7 damage)
             ... on level 5 of the Dungeon.
             The game lasted 00:06:29 (4199 turns).

SpriggorClegane the Trooper (Demonspawn Monk)       Turns: 4199, Time: 00:06:29

Health: 0/51       AC:  3    Str: 11    XL:     6   Next: 88%
Magic:  10/10      EV: 13    Int: 12    God:
Gold:   262        SH:  0    Dex: 16    Spells: 10/11 levels left

rFire   . . .        k - +2 hand axe (elec)
rCold   . . .        c - orb {light}
rNeg    . . .        a - +0 robe
rPois   .            (helmet restricted)
rElec   .            (no cloak)
rCorr   .            (no gloves)
SInv    .            i - +0 pair of boots
Will    +....        (no amulet)
Stlth   +            (no ring)
HPRegen 0.28/turn    (no ring)
MPRegen 0.12/turn

%: no passive effects
@: enlightened, flying, glowing
A: foul stench 1, sturdy frame 1, antennae 1
a: no special abilities


You were on level 5 of the Dungeon.
You visited 2 branches of the dungeon, and saw 6 of its levels.

You collected 262 gold pieces.

Inventory:

Hand Weapons
 k - a +2 hand axe of electrocution (weapon)
Armour
 a - a +0 robe (worn)
 c - an orb of light (worn)
 i - a +0 pair of boots (worn)
Wands
 f - a wand of paralysis (4)
 p - a wand of flame (20)
Scrolls
 e - 2 scrolls of poison {unknown}
 h - a scroll of butterflies {unknown}
 l - 2 scrolls of identify {unknown}
 m - a scroll of immolation {unknown}
 n - 2 scrolls of enchant armour {unknown}
 o - a scroll of noise {unknown}
 q - a scroll of fog {unknown}
 r - a scroll of torment {unknown}
Potions
 g - a potion of curing
 s - a potion of enlightenment


   Skills:
 + Level 5.1 Fighting
 - Level 2.6 Dodging
 + Level 5.0 Unarmed Combat
 + Level 3.0 Spellcasting


You had 10 spell levels left.
You knew the following spells:

 Your Spells              Type           Power      Damage    Failure   Level
a - Magic Dart            Conj           4%         1d3       24%         1

Your spell library contained the following spells:

 Spells                   Type           Power      Damage    Failure   Level
 Slow                     Hex            4%         N/A       24%         1
 Summon Small Mammal      Summ           4%         N/A       24%         1
 Searing Ray              Conj           2%         2d4       36%         2
 Call Canine Familiar     Summ           1%         N/A       58%         3
 Confusing Touch          Hex            1%         N/A       58%         3
 Hailstorm                Conj/Ice       1%         3d5       58%         3
 Sigil of Binding         Hex            1%         N/A       58%         3
 Summon Ice Beast         Ice/Summ       1%         N/A       58%         3
 Vampiric Draining        Necr           1%         2d6       58%         3
 Fulminant Prism          Conj/Alch      0%         3d5       94%         4
 Summon Blazeheart Golem  Fire/Summ      1%         N/A       94%         4
 Sculpt Simulacrum        Ice/Alch       0%         N/A       100%        6


Dungeon Overview and Level Annotations

Branches:
Dungeon (5/15)             Temple (1/1) D:4

Altars:
Ashenzari
Cheibriados
Dithmenos
Fedhas
Kikubaaqudgha
Makhleb
Nemelex Xobeh
Qazlal
Ru
Sif Muna
Trog
Uskayaw
Vehumet
Wu Jian

Shops:
D:2 :

Annotations:
D:5 Dowan, Duvessa


Innate Abilities, Weirdness & Mutations

You may rarely emit foul miasma when damaged in melee.
Your movements are slightly less encumbered by armour. (ER -2)
You have a pair of small antennae on your head.


Message History

The adder closely misses you.
You hit Duvessa but do no damage. Lightning courses through Duvessa!
Duvessa is severely wounded.
You hit the adder.
You feel less invigorated.
You feel less confused. Duvessa hits you with a +0 rapier!
* * * LOW HITPOINT WARNING * * *
The adder bites you.
* * * LOW HITPOINT WARNING * * *
You are poisoned.
The adder poisons you! Duvessa misses you. The adder closely misses you.
As you read the scroll labelled DAYMAR BEVVO, it crumbles to dust.
It is a scroll of amnesia.
Okay, then.
You feel sick. Duvessa completely misses you.
Dowan casts a spell.
Dowan blinks!
The adder bites you.
* * * LOW HITPOINT WARNING * * *
You are more poisoned.
The adder poisons you!
It was a potion of mutation.
You feel extremely strange.
You feel weirdly uncertain.
You feel stable. A pair of antennae grows on your head!
* * * LOW HITPOINT WARNING * * *
You feel sick. Duvessa misses you. The adder closely misses you.
Duvessa hits you with a +0 rapier.
* * * LOW HITPOINT WARNING * * *
Unknown command.
It was a potion of curing.
You feel better. The adder barely misses you. Duvessa misses you.
Dowan gestures wildly while chanting.
Dowan blinks!
It was a potion of enlightenment.
You feel very buoyant.
You fly up into the air.
Duvessa hits you with a +0 rapier.
* * * LOW HITPOINT WARNING * * *
The adder barely misses you. Duvessa closely misses you.
The adder completely misses you. Duvessa attacks as she pursues you!
Duvessa hits you with a +0 rapier!
You die...

#....^#.................
#.....#.....(..........
#.............##.....##
#.....................#
#.....................#
.....#..<.............##
.....##...##...........#
..##.#..########......##
######... #.@..##..#
#..## #..e##...## #...
#.eS......#
............##
...........###
..........§.#
............#
...#.♣.♣.#...
.............#


You could see Duvessa (fast), Dowan and an adder.

Vanquished Creatures
  Menkaure (D:4)
  An ogre (D:4)
  3 hounds
  Natasha (D:4)
  An orc wizard (D:3)
  4 gnolls
  3 adders
  A ribbon worm (D:3)
  A dart slug (D:3)
  4 orcs (D:3)
  4 bats
  8 endoplasms
  4 giant cockroaches
  4 goblins
  5 hobgoblins
  5 jackals (D:2)
  7 kobolds
  3 quokkas
  3 ball pythons
  3 frilled lizards
  5 rats
71 creatures vanquished.

Notes
Turn   | Place    | Note
-------+----------+-------------------------------------------
     0 | D:1      | SpriggorClegane the Demonspawn Monk began the quest for the
                  | Orb.
     0 | D:1      | Reached XP level 1. HP: 18/18 MP: 1/1
   278 | D:1      | Gained mutation: You may rarely emit foul miasma when
                  | damaged in melee. [demonic ancestry]
   278 | D:1      | Reached XP level 2. HP: 23/24 MP: 2/2
  1080 | D:2      | Reached XP level 3. HP: 10/29 MP: 3/3
  1312 | D:2      | HP: 1/29 [hobgoblin (2)]
  1636 | D:2      | Found Eliuplex's Book Shop.
  1930 | D:3      | Found a sparkling altar of Nemelex Xobeh.
  2087 | D:3      | Gained mutation: Your movements are slightly less
                  | encumbered by armour. (ER -2) [demonic ancestry]
  2087 | D:3      | Reached XP level 4. HP: 8/37 MP: 4/4
  2280 | D:2      | Reached skill level 1 in Spellcasting
  2534 | D:3      | Learned a level 1 spell: Magic Dart
  2701 | D:3      | Reached XP level 5. HP: 39/42 MP: 2/7
  3232 | D:4      | Noticed an ogre
  3241 | D:4      | Killed an ogre
  3242 | D:4      | Reached XP level 6. HP: 13/49 MP: 9/9
  3408 | D:4      | Noticed Menkaure
  3413 | D:4      | Killed Menkaure
  3414 | D:4      | Reached skill level 5 in Fighting
  3606 | D:4      | Found a staircase to the Ecumenical Temple.
  3653 | Temple   | Entered the Ecumenical Temple
  3956 | D:4      | Found a bloodstained altar of Trog.
  3958 | D:4      | Noticed Natasha
  3969 | D:4      | Killed Natasha
  4061 | D:4      | Found an ornate altar of the Wu Jian Council.
  4066 | D:4      | Found a shadowy altar of Dithmenos.
  4143 | D:5      | Entered Level 5 of the Dungeon
  4183 | D:5      | Noticed Duvessa
  4183 | D:5      | Noticed Dowan
  4188 | D:5      | Reached skill level 5 in Unarmed Combat
  4196 | D:5      | Gained mutation: You are occasionally teleported next to
                  | monsters. [potion of mutation]
  4196 | D:5      | Lost mutation: You are occasionally teleported next to
                  | monsters. [potion of mutation]
  4196 | D:5      | Gained mutation: You have a pair of small antennae on your
                  | head. [potion of mutation]
  4199 | D:5      | Slain by Duvessa

Illustrated notes

Levels and vault maps discovered:
D:1:      lightli_arrival_statue_moat, layout_basic
D:2:      layout_basic, serial_shops, shop
D:3:      cheibrodos_helix_gallery, layout_basic, mainiacjoe_overflow_brackets,
          kennysheep_cross_room
D:4:      layout_basic, minmay_overflow_temple_star_quad, temple_doors_e,
          minmay_fountain_box, uniq_natasha, uniq_menkaure
D:5:      minmay_diamond_boxcup, layout_cave_pools,
          mainiacjoe_overflow_concentric_impassable, okawaru_trees_1,
          uniq_sigmund, uniq_grinder, uniq_duvessa
Temple:   minmay_freezing_vapour_temple

Skill      XL: |  1  2  3  4  5  6 |
---------------+-------------------+-----
Unarmed Combat | 3 4 5 |  5.0
Spellcasting   | 1 2 3 |  3.0
Fighting       | 4 5 |  5.1
Dodging        | |  2.6

Action                     |  1- 3 |  4- 6 || total
---------------------------+-------+-------++-------
  Melee: Unarmed           |   113 |    42 ||   155
         Hand axe          |       |    59 ||    59
   Cast: Magic Dart        |       |     2 ||     2
    Use: Potion            |     1 |     4 ||     5
         Scroll            |       |     1 ||     1
 Armour: Robe              |    57 |    62 ||   119
  Dodge: Dodged            |    59 |    93 ||   152
